TOP OF THE 1ST |
Boston Red Sox batting - Pitching for Texas Rangers : RHP Lu-shan Zhào
|
Pitching: RHP Lu-shan Zhào
|
|
Batting: SHB Mark Rennie
|
0-0: Ball 1-0: Called Strike 1-1: Ball 2-1: Swinging Strike 2-2: Foul Ball, location: 2F 2-2: Ball 3-2: Foul Ball, location: 2F 3-2: Foul Ball, location: 2F 3-2: SINGLE (Line Drive, 7LM, EV 90.0 MPH)
|
Batting: RHB Chris Lane
|
0-0: Ball Mark Rennie steals 2nd base 1-0: Fly out, F9 (Flyball, 89M, EV 81.9 MPH)
|
Batting: LHB Kevin McCormic Jr.
|
0-0: Ball 1-0: Swinging Strike 1-1: Foul Ball, location: 2F 1-2: Ground out 5-3 (Groundball, 56, EV 103.8 MPH)
|
Batting: LHB Brian Gray
|
0-0: Ball 1-0: Foul Ball, location: 2F 1-1: SINGLE (Groundball, 34D, EV 105.6 MPH) Mark Rennie to third Runner from 3rd tries for Home, SAFE, throw by RF to home
|
Now in RF: Zhao-ji Chi
|
|
Batting: RHB Scott Treider
|
0-0: Ball 1-0: Ball 2-0: DOUBLE (Groundball, 5L, EV 98.1 MPH) Brian Gray to third Runner from 3rd tries for Home, SAFE, throw by LF to home
|
Batting: SHB Greg Prime
|
0-0: SINGLE (Groundball, 34D, EV 103.1 MPH) Scott Treider to third Runner from 3rd tries for Home, SAFE, throw by RF to home
|
Batting: RHB Won-jun Park
|
0-0: Ball Greg Prime steals 2nd base 1-0: Swinging Strike 1-1: Called Strike 1-2: Foul Ball, location: 2F 1-2: Strikes out swinging
|
Top of the 1st over - 3 runs, 4 hits, 0 errors, 1 left on base; Boston 3 - Texas 0 |
BOTTOM OF THE 1ST |
Texas Rangers batting - Pitching for Boston Red Sox : RHP Karel Heuvelink
|
Pitching: RHP Karel Heuvelink
|
|
Batting: LHB Johan de Vries
|
0-0: Called Strike 0-1: Ball 1-1: Ground out 4-3 (Groundball, 34D, EV 108.1 MPH)
|
Batting: SHB John Giesbrecht
|
0-0: Ball 1-0: Called Strike 1-1: Ball 2-1: Foul Ball, location: 2F 2-2: Ball 3-2: SINGLE (Line Drive, 7LS, EV 87.5 MPH)
|
Batting: LHB Da Vo
|
0-0: Fly out, F8 (Line Drive, 8LD, EV 99.4 MPH)
|
Batting: LHB Cody Schumacher
|
0-0: Ball 1-0: Ball 2-0: DOUBLE (Line Drive, 9LS, EV 93.8 MPH) John Giesbrecht to third
|
Batting: SHB Vince Ealy
|
0-0: Fly out, F8 (Flyball, 8RM, EV 89.4 MPH)
|
Bottom of the 1st over - 0 runs, 2 hits, 0 errors, 2 left on base; Boston 3 - Texas 0 |
TOP OF THE 2ND |
Boston Red Sox batting - Pitching for Texas Rangers : RHP Lu-shan Zhào
|
Batting: RHB Garry Hash
|
0-0: Called Strike 0-1: Foul Ball, location: 2F 0-2: Strikes out swinging
|
Batting: RHB Mike Quackenbush
|
0-0: Ball 1-0: Ball 2-0: Called Strike 2-1: Foul Ball, location: 2F 2-2: Foul Ball, location: 2F 2-2: Strikes out swinging
|
Batting: SHB Mark Rennie
|
0-0: Ball 1-0: Swinging Strike 1-1: Ball 2-1: Ground out 4-3 (Groundball, 4, EV 88.1 MPH)
|
Top of the 2nd over - 0 runs, 0 hits, 0 errors, 0 left on base; Boston 3 - Texas 0 |
BOTTOM OF THE 2ND |
Texas Rangers batting - Pitching for Boston Red Sox : RHP Karel Heuvelink
|
Batting: RHB Zhao-ji Chi
|
0-0: Foul Ball, location: 2F 0-1: Called Strike 0-2: Fly out, F9 (Flyball, 9, EV 75.0 MPH)
|
Batting: RHB Edwin Madrid
|
0-0: Ball 1-0: Foul Ball, location: 2F 1-1: Ball 2-1: Reached on error, E6 (Groundball, 6S, EV 68.8 MPH)
|
Batting: RHB José Molina
|
0-0: Called Strike 0-1: Foul Ball, location: 2F 0-2: Ball 1-2: DOUBLE (Flyball, 8RXD, EV 88.8 MPH) Edwin Madrid to third Edwin Madrid scores
|
Batting: LHB Sadamu Noguchi
|
0-0: Ground out 3-1 (Groundball, 34, EV 80.0 MPH) José Molina to third
|
Batting: LHB Johan de Vries
|
0-0: Called Strike 0-1: Foul Ball, location: 2F 0-2: Ball 1-2: Ball 2-2: Foul Ball, location: 2F 2-2: Fly out, F8 (Line Drive, 8LD, EV 88.8 MPH)
|
Bottom of the 2nd over - 1 run, 1 hit, 1 error, 1 left on base; Boston 3 - Texas 1 |
TOP OF THE 3RD |
Boston Red Sox batting - Pitching for Texas Rangers : RHP Lu-shan Zhào
|
Batting: RHB Chris Lane
|
0-0: Ground out 4-3 (Groundball, 4, EV 98.1 MPH)
|
Batting: LHB Kevin McCormic Jr.
|
0-0: Fly out, F7 (Flyball, 78S, EV 83.1 MPH)
|
Batting: LHB Brian Gray
|
0-0: SINGLE (Line Drive, 8RS, EV 105.0 MPH)
|
Batting: RHB Scott Treider
|
0-0: Ball 1-0: Called Strike 1-1: Ball 2-1: Called Strike 2-2: SINGLE (Line Drive, 5D, EV 95.0 MPH) Brian Gray to second Runner from 2nd tries for 3rd, OUT! 7-5
|
Top of the 3rd over - 0 runs, 2 hits, 0 errors, 1 left on base; Boston 3 - Texas 1 |
BOTTOM OF THE 3RD |
Texas Rangers batting - Pitching for Boston Red Sox : RHP Karel Heuvelink
|
Batting: SHB John Giesbrecht
|
0-0: Foul Ball, location: 2F 0-1: SINGLE (Groundball, 56D, EV 96.3 MPH)
|
Batting: LHB Da Vo
|
0-0: Called Strike 0-1: Ball 1-1: Called Strike 1-2: Strikes out swinging
|
Batting: LHB Cody Schumacher
|
0-0: Called Strike 0-1: Fly out, F8 (Line Drive, 8LD, EV 101.9 MPH)
|
Batting: SHB Vince Ealy
|
0-0: Ball 1-0: Ball 2-0: Fly out, F6 (Popup, 56, EV 71.9 MPH)
|
Bottom of the 3rd over - 0 runs, 1 hit, 0 errors, 1 left on base; Boston 3 - Texas 1 |
TOP OF THE 4TH |
Boston Red Sox batting - Pitching for Texas Rangers : RHP Lu-shan Zhào
|
Batting: SHB Greg Prime
|
0-0: Ground out 6-3 (Groundball, 6, EV 83.8 MPH)
|
Batting: RHB Won-jun Park
|
0-0: SINGLE (Groundball, 34D, EV 95.6 MPH)
|
Batting: RHB Garry Hash
|
0-0: Called Strike 0-1: Foul Ball, location: 2F 0-2: Ball 1-2: Grounds into double play, 4-6-3 (Groundball, 4, EV 86.3 MPH)
|
Top of the 4th over - 0 runs, 1 hit, 0 errors, 0 left on base; Boston 3 - Texas 1 |
BOTTOM OF THE 4TH |
Texas Rangers batting - Pitching for Boston Red Sox : RHP Karel Heuvelink
|
Batting: RHB Zhao-ji Chi
|
0-0: Ball 1-0: Ball 2-0: Foul Ball, location: 2F 2-1: Called Strike 2-2: DOUBLE (Line Drive, 9LM, EV 107.5 MPH)
|
Batting: RHB Edwin Madrid
|
0-0: Ball 1-0: Ball 2-0: Fly out, F9 (Flyball, 9D, EV 87.5 MPH) Runner from 2nd tags up, SAFE at 3rd, no throw by RF
|
Batting: RHB José Molina
|
0-0: Ground out 6-3 (Groundball, 6, EV 83.1 MPH) Zhao-ji Chi scores
|
Batting: LHB Sadamu Noguchi
|
0-0: Swinging Strike 0-1: Called Strike 0-2: Ground out 6-3 (Groundball, 6, EV 93.8 MPH)
|
Bottom of the 4th over - 1 run, 1 hit, 0 errors, 0 left on base; Boston 3 - Texas 2 |
TOP OF THE 5TH |
Boston Red Sox batting - Pitching for Texas Rangers : RHP Lu-shan Zhào
|
Pitching: RHP Danny Walker
|
|
Batting: RHB Mike Quackenbush
|
0-0: Swinging Strike 0-1: Called Strike 0-2: Ball 1-2: Ball 2-2: Foul Ball, location: 2F 2-2: Fly out, F6 (Line Drive, 6, EV 71.9 MPH)
|
Batting: SHB Mark Rennie
|
0-0: Ball 1-0: Foul Ball, location: 2F 1-1: Foul Ball, location: 2F 1-2: Foul Ball, location: 2F 1-2: Foul Ball, location: 2F 1-2: Foul Ball, location: 2F 1-2: Ball 2-2: Foul Ball, location: 2F 2-2: Fly out, F8 (Flyball, 8LS, EV 76.9 MPH)
|
Batting: RHB Chris Lane
|
0-0: Fly out, F9 (Flyball, 89M, EV 75.6 MPH)
|
Top of the 5th over - 0 runs, 0 hits, 0 errors, 0 left on base; Boston 3 - Texas 2 |
BOTTOM OF THE 5TH |
Texas Rangers batting - Pitching for Boston Red Sox : RHP Karel Heuvelink
|
Pitching: RHP Max Blankenship
|
|
Batting: LHB Johan de Vries
|
0-0: Ball 1-0: Called Strike 1-1: Ball 2-1: Ground out 6-3 (Groundball, 4MS, EV 92.5 MPH)
|
Batting: SHB John Giesbrecht
|
0-0: Ball 1-0: Ball 2-0: Called Strike 2-1: Ball 3-1: Ground out 5-3 (Groundball, 56, EV 79.4 MPH)
|
Batting: LHB Da Vo
|
0-0: Ball 1-0: SINGLE (Flyball, 6D, EV 90.0 MPH)
|
Batting: LHB Cody Schumacher
|
0-0: Called Strike 0-1: Ball 1-1: Called Strike 1-2: Ground out 5-3 (Groundball, 6, EV 96.3 MPH)
|
Bottom of the 5th over - 0 runs, 1 hit, 0 errors, 1 left on base; Boston 3 - Texas 2 |
TOP OF THE 6TH |
Boston Red Sox batting - Pitching for Texas Rangers : RHP Danny Walker
|
Batting: LHB Kevin McCormic Jr.
|
0-0: Fly out, F9 (Line Drive, 9, EV 87.5 MPH)
|
Batting: LHB Brian Gray
|
0-0: SINGLE (Line Drive, 56D, EV 104.4 MPH)
|
Batting: RHB Scott Treider
|
0-0: Foul Ball, location: 2F 0-1: Called Strike 0-2: Ball Wild Pitch! Brian Gray to second 1-2: Foul Ball, location: 2F 1-2: Strikes out swinging
|
Batting: SHB Greg Prime
|
0-0: Ball 1-0: Ball 2-0: Foul Ball, location: 2F 2-1: Ground out 1-3 (Groundball, 34S, EV 69.4 MPH)
|
Top of the 6th over - 0 runs, 1 hit, 0 errors, 1 left on base; Boston 3 - Texas 2 |
BOTTOM OF THE 6TH |
Texas Rangers batting - Pitching for Boston Red Sox : RHP Max Blankenship
|
Batting: SHB Vince Ealy
|
0-0: Ball 1-0: Fly out, F8 (Flyball, 8LD, EV 89.4 MPH)
|
Batting: RHB Zhao-ji Chi
|
0-0: Swinging Strike 0-1: Foul Ball, location: 2F 0-2: Ball 1-2: Strikes out swinging, 2-3 out at first.
|
Batting: RHB Edwin Madrid
|
0-0: Swinging Strike 0-1: Swinging Strike 0-2: Foul Ball, location: 2F 0-2: Ball 1-2: Strikes out looking
|
Bottom of the 6th over - 0 runs, 0 hits, 0 errors, 0 left on base; Boston 3 - Texas 2 |
TOP OF THE 7TH |
Boston Red Sox batting - Pitching for Texas Rangers : RHP Danny Walker
|
Pitching: RHP Joe Pattullo
|
|
Batting: RHB Won-jun Park
|
0-0: TRIPLE (Flyball, 89XD, EV 103.8 MPH)
|
Pinch Hitting: SHB Robbie Rogers
|
0-0: Foul Ball, location: 2F 0-1: Foul Ball, location: 2F 0-2: Strikes out swinging
|
Pinch Hitting: SHB Rich Chavez
|
0-0: Ball 1-0: Called Strike 1-1: Foul Ball, location: 2F 1-2: Fly out, F7 (Flyball, 7LM, EV 84.4 MPH) Runner from 3rd tags up, SCORES, throw by LF
|
Batting: LHB Ernesto Cedillos
|
0-0: Called Strike 0-1: Hit by Pitch
|
Batting: RHB Chris Lane
|
|
Pinch Hitting: LHB Shoichi Aso
|
0-0: Called Strike 0-1: Swinging Strike 0-2: Ball 1-2: 2-RUN HOME RUN (Flyball, 9D, EV 100.6 MPH), Distance : 386 ft
|
Pitching: RHP Victor Nunez
|
|
Batting: LHB Kevin McCormic Jr.
|
0-0: Ball 1-0: Called Strike 1-1: Ball 2-1: Ground out 6-3 (Groundball, 6, EV 83.1 MPH)
|
Top of the 7th over - 3 runs, 2 hits, 0 errors, 0 left on base; Boston 6 - Texas 2 |
BOTTOM OF THE 7TH |
Texas Rangers batting - Pitching for Boston Red Sox : RHP Max Blankenship
|
Pitching: RHP Edgar Saldivar
|
|
Now at 2B: Rich Chavez
|
|
Now at 3B: Won-jun Park
|
|
Now at SS: Brace Harper
|
|
Now in LF: Scott Treider
|
|
Now in CF: Shoichi Aso
|
|
Batting: RHB José Molina
|
0-0: Ground out 6-3 (Groundball, 6M, EV 105.0 MPH)
|
Batting: LHB Sadamu Noguchi
|
0-0: Foul Ball, location: 2F 0-1: Swinging Strike 0-2: SINGLE (Groundball, 34D, EV 99.4 MPH) (infield hit)
|
Pinch Hitting: RHB Alan Oxenrider
|
0-0: Called Strike 0-1: Called Strike 0-2: Foul Ball, location: 2F 0-2: Reached on error, E6 (Groundball, 6, EV 91.3 MPH) Sadamu Noguchi to second
|
Batting: SHB John Giesbrecht
|
0-0: Called Strike 0-1: Ball 1-1: Called Strike Sadamu Noguchi steals 3rd base 1-2: Fly out, F8 (Line Drive, 8RM, EV 93.1 MPH) Runner from 3rd tags up, SCORES, throw by CF
|
Now in CF: Nick Esteves
|
|
Batting: RHB Doug Hammertime
|
0-0: Ground out 4-3 (Groundball, 4S, EV 70.0 MPH)
|
Bottom of the 7th over - 1 run, 1 hit, 1 error, 1 left on base; Boston 6 - Texas 3 |
TOP OF THE 8TH |
Boston Red Sox batting - Pitching for Texas Rangers : RHP Victor Nunez
|
Now at 1B: Alan Oxenrider
|
|
Pinch Hitting: RHB Reilly Hawkins
|
0-0: Ball 1-0: Ball 2-0: Called Strike 2-1: Foul Ball, location: 2F 2-2: Ball 3-2: Foul Ball, location: 2F 3-2: Foul Ball, location: 2F 3-2: Strikes out swinging
|
Pinch Hitting: LHB Xavier Pittman
|
0-0: Ball 1-0: Called Strike 1-1: Swinging Strike 1-2: Fly out, F6 (Flyball, 4MD, EV 85.0 MPH)
|
Batting: SHB Greg Prime
|
0-0: SINGLE (Groundball, 25, EV 74.4 MPH) (infield hit)
|
Batting: RHB Won-jun Park
|
0-0: Foul Ball, location: 2F 0-1: Foul Ball, location: 2F 0-2: Ball Greg Prime is caught stealing 2nd base 2-4
|
Top of the 8th over - 0 runs, 1 hit, 0 errors, 0 left on base; Boston 6 - Texas 3 |
BOTTOM OF THE 8TH |
Texas Rangers batting - Pitching for Boston Red Sox : RHP Edgar Saldivar
|
Now at 1B: Rich Chavez
|
|
Now at 2B: Xavier Pittman
|
|
Now in LF: Reilly Hawkins
|
|
Pinch Hitting: LHB Jeff Densmore
|
0-0: Called Strike 0-1: Called Strike 0-2: Foul Ball, location: 2F 0-2: Ball 1-2: Ball 2-2: Foul Ball, location: 2F 2-2: Fly out, F5 (Popup, 5, EV 66.3 MPH)
|
Pinch Hitting: RHB Zhi-bin Ou-yang
|
0-0: Called Strike 0-1: Fly out, F3 (Line Drive, 3, EV 70.0 MPH)
|
Batting: RHB Zhao-ji Chi
|
0-0: Foul Ball, location: 2F 0-1: Foul Ball, location: 2F 0-2: Strikes out swinging
|
Bottom of the 8th over - 0 runs, 0 hits, 0 errors, 0 left on base; Boston 6 - Texas 3 |
TOP OF THE 9TH |
Boston Red Sox batting - Pitching for Texas Rangers : RHP Victor Nunez
|
Now at SS: Zhi-bin Ou-yang
|
|
Now in CF: Jeff Densmore
|
|
Batting: RHB Won-jun Park
|
0-0: Called Strike 0-1: Ball 1-1: SINGLE (Groundball, 34D, EV 105.0 MPH)
|
Batting: SHB Brace Harper
|
0-0: Ball 1-0: Ball 2-0: Sac Bunt to 13S - play at first, batter OUT! 1-4 Won-jun Park to second
|
Batting: SHB Rich Chavez
|
0-0: Called Strike 0-1: Swinging Strike 0-2: Ball Passed Ball! Won-jun Park to third 1-2: Fly out, F7 (Flyball, 7, EV 95.0 MPH)
|
Pitching: LHP Dennis French
|
|
Batting: LHB Ernesto Cedillos
|
0-0: 2-RUN HOME RUN (Flyball, 7D, EV 107.5 MPH), Distance : 417 ft
|
Batting: RHB Nick Esteves
|
0-0: Called Strike 0-1: Ball 1-1: TRIPLE (Flyball, 78XD, EV 105.0 MPH)
|
Batting: LHB Kevin McCormic Jr.
|
0-0: Called Strike 0-1: Ball 1-1: Ball 2-1: Fly out, F8 (Line Drive, 8RD, EV 98.8 MPH)
|
Top of the 9th over - 2 runs, 3 hits, 0 errors, 1 left on base; Boston 8 - Texas 3 |
BOTTOM OF THE 9TH |
Texas Rangers batting - Pitching for Boston Red Sox : RHP Edgar Saldivar
|
Pinch Hitting: RHB Alex Sandoval
|
0-0: Ball 1-0: Ball 2-0: Fly out, F9 (Flyball, 9S, EV 93.8 MPH)
|
Pinch Hitting: SHB Alvare Bairro
|
0-0: Swinging Strike 0-1: Swinging Strike 0-2: Ball 1-2: Foul Ball, location: 2F 1-2: Ball 2-2: Strikes out swinging
|
Pinch Hitting: RHB Casey Semenza
|
0-0: Ball 1-0: Foul Ball, location: 2F 1-1: Called Strike 1-2: Strikes out looking
|
Bottom of the 9th over - 0 runs, 0 hits, 0 errors, 0 left on base; Boston 8 - Texas 3 |
|